 Dungeon Crawl Stone Soup version 0.31.0-12-g77e489cdc1 (webtiles) character file.

Game seed: 10974343242662079347

21 NotaViper the Trooper (level 2, 0/33 HPs)
             Began as an Oni Berserker on Feb 27, 2024.
             Was a Follower of Trog.
             Slain by an endoplasm (3 damage)
             ... on level 1 of the Dungeon.
             The game lasted 00:00:51 (233 turns).

NotaViper the Trooper (Oni Berserker)                Turns: 233, Time: 00:00:52

Health: 0/33       AC:  3    Str: 20    XL:     2   Next: 87%
Magic:  2/2        EV: 10    Int:  8    God:    Trog [*.....]
Gold:   0          SH:  0    Dex:  8    Spells: 1/1 levels left

rFire   . . .        a - +0 hand axe
rCold   . . .        (no shield)
rNeg    . . .        b - +0 animal skin
rPois   .            (helmet restricted)
rElec   .            (no cloak)
rCorr   .            (gloves unavailable)
SInv    .            (boots unavailable)
Will    .....        (no amulet)
Stlth   +            (no ring)
HPRegen 0.25/turn    (no ring)
MPRegen 0.08/turn

%: no passive effects
@: no status effects
A: large, unfitting armour, horns 1, tough skin 1, double potion healing,
drunken brawling
a: Renounce Religion, Berserk


You were on level 1 of the Dungeon.
You worshipped Trog.
Trog was aware of your devotion.
You visited 1 branch of the dungeon, and saw 1 of its levels.

Inventory:

Hand Weapons
 a - a +0 hand axe (weapon)
Missiles
 f - 6 stones (quivered)
Armour
 b - a +0 animal skin (worn)
Scrolls
 e - a scroll of butterflies {unknown}
Potions
 c - 2 potions of enlightenment {unknown}
 d - a potion of attraction {unknown}


   Skills:
 + Level 4.4 Fighting
 + Level 3.4 Axes
 + Level 3.0 Dodging


You had one spell level left.
You didn't know any spells.
Your spell library was empty.

Dungeon Overview and Level Annotations

Branches:
Dungeon (1/15)

Altars:


Innate Abilities, Weirdness & Mutations

You are too large for most types of armour.
You have a pair of small horns on your head.
You have tough skin. (AC +1)
You gain doubled healing and magic from potions.
Whenever you drink a healing potion, you attack all around you.


Message History

You hit the gnoll.
The gnoll is severely wounded.
The gnoll hits you with a +0 whip.
You hit the gnoll.
The gnoll is almost dead.
The gnoll hits you with a +0 whip!
You hit the gnoll.
You kill the gnoll!
Trog accepts your kill.
Your Dodging skill increases to level 3!
The endoplasm hits you but does no damage.
You see here a +0 whip.
You hit the endoplasm.
The endoplasm is heavily wounded.
The endoplasm freezes you.
You are frozen.
The endoplasm freezes you.
You are frozen.
You hit the endoplasm but do no damage.
The endoplasm is moderately wounded.
The endoplasm freezes you.
You are frozen.
You hit the endoplasm but do no damage.
The endoplasm is moderately wounded.
The endoplasm freezes you.
You are frozen.
* * * LOW HITPOINT WARNING * * *
You hit the endoplasm but do no damage.
The endoplasm is moderately wounded.
The endoplasm freezes you.
You are frozen.
* * * LOW HITPOINT WARNING * * *
You hit the endoplasm.
The endoplasm is severely wounded.
The endoplasm hits you.
* * * LOW HITPOINT WARNING * * *
You hit the endoplasm but do no damage. Your punch misses the endoplasm.
The endoplasm is severely wounded.
The endoplasm hits you.
You die...

#........ .# .
####....... .# .#
#.........###.##.#
................#####
...........#........
. #...........#.....
....#....#...####....
......J@.............
...#.....##......#...
#.....##......#
#.....##......#
#...####......#
###.## #.†....#
#...##...)..#
###.........#
####.....###


You could see an endoplasm.

Vanquished Creatures
  A gnoll (D:1)
  3 endoplasms (D:1)
  2 hobgoblins (D:1)
  A kobold (D:1)
  A ball python (D:1)
  2 bats (D:1)
  A goblin (D:1)
11 creatures vanquished.

Notes
Turn   | Place    | Note
-------+----------+-------------------------------------------
     0 | D:1      | NotaViper the Oni Berserker began the quest for the Orb.
     0 | D:1      | Reached XP level 1. HP: 24/24 MP: 1/1
    76 | D:1      | Reached XP level 2. HP: 7/32 MP: 2/2
   233 | D:1      | Slain by an endoplasm

Illustrated notes

Levels and vault maps discovered:
D:1:      dpeg_arrival_round_c, layout_basic, grunt_decor_arrowhead

Skill      XL: |  1  2 |
---------------+-------+-----
Dodging        | 3 |  3.0
Fighting       | |  4.4
Axes           | |  3.4

Action                     || total
---------------------------++-------
  Melee: Hand axe          ||    30
         Headbutt          ||     5
 Armour: Animal skin       ||    30
  Dodge: Dodged            ||    24
